 Dungeon Crawl Stone Soup version 0.19-a0-944-gb338e1e (webtiles) character file.

156 matakusis the Ducker (level 5, 0/40 HPs)
             Began as a Demonspawn Gladiator on July 9, 2016.
             Slain by a gnoll (7 damage)
             ... on level 4 of the Dungeon.
             The game lasted 00:08:48 (2511 turns).

matakusis the Ducker (Demonspawn Gladiator)         Turns: 2511, Time: 00:08:48

Health: 0/40       AC: 10    Str: 15    XL:     5   Next: 15%
Magic:  5/5        EV: 14    Int: 10    God:
Gold:   169        SH:  0    Dex: 14    Spells: 0 memorised, 4 levels left

rFire  . . .     SeeInvis .     a - +1 long sword
rCold  . . .     Gourm    .     b - +0 leather armour
rNeg   . . .     Faith    .     (no shield)
rPois  .         Spirit   .     c - +0 helmet
rElec  .         Dismiss  .     (no cloak)
rCorr  .         Reflect  .     (no gloves)
SustAt .         Harm     .     n - +2 pair of boots
MR     .....                    (no amulet)
Stlth  +.........               (no ring)
                                (no ring)

@: not resistant to hostile enchantments, very unstealthy
A: slimy green scales 2, powered by pain 1
a: no special abilities


You were on level 4 of the Dungeon.
You were not hungry.

You visited 1 branch of the dungeon, and saw 4 of its levels.

You collected 169 gold pieces.

Inventory:

Hand Weapons
 a - a +1 long sword (weapon)
Missiles
 d - 3 throwing nets (quivered)
Armour
 b - a +0 leather armour (worn)
 c - a +0 helmet (worn)
 n - a +2 pair of boots (worn)
Wands
 r - a wand of paralysis (20/24)
 t - a wand of lightning (10/15)
Scrolls
 g - a scroll of enchant weapon
 q - a scroll of remove curse
Potions
 j - a potion of magic
 k - a potion of curing
 l - a potion of mutation {unknown}
 p - a potion of might
 s - a potion of agility {unknown}
 v - 2 potions of heal wounds
Comestibles
 f - a bread ration
 h - a meat ration
 i - a beef jerky
 o - 4 chunks of flesh


   Skills:
 * Level 2.8 Fighting
 + Level 3.2 Long Blades
 - Level 1.7 Throwing
 + Level 1.1 Armour
 * Level 4.3 Dodging


You had 4 spell levels left.
You didn't know any spells.

Dungeon Overview and Level Annotations

Branches:
Dungeon (4/15)
 Temple: D:4-7

Altars:


Innate Abilities, Weirdness & Mutations

You are mostly covered in slimy green scales. (AC +3)
You sometimes gain a little power by taking damage.


Message History

The gnoll hits you but does no damage. The gnoll hits you.
The gnoll completely misses you. The gnoll hits you with a club.
The gnoll hits you. The ogre hits you with a giant club!!
* * * LOW HITPOINT WARNING * * *
The gnoll barely misses you.
You riposte.
You slash the gnoll!
The gnoll is severely wounded.
The gnoll closely misses you.
You riposte.
You closely miss the gnoll.
The gnoll is severely wounded.
You hit the gnoll.
The gnoll is almost dead.
The gnoll hits you but does no damage. The gnoll completely misses you.
The gnoll closely misses you.
You riposte.
You hit the gnoll.
The gnoll is almost dead.
The gnoll closely misses you.
You riposte.
You closely miss the gnoll.
The gnoll is almost dead.
The ogre closely misses you.
You riposte.
You barely miss the ogre. You hit the gnoll.
You kill the gnoll!
The gnoll hits you but does no damage. The gnoll hits you!
You die...

.# ###### ..##
###......
....###........
............#
#...)g..##
#..@gl..###
##.Og......
#.<........
#...##....#
#...## #####
#...## #...#
#...# #..#


You could see an ogre, 3 gnolls and a giant newt.

Vanquished Creatures
  A gnoll (D:4)
  7 adders
  A worm (D:2)
  A dart slug (D:2)
  3 giant geckos (D:3)
  7 orcs (D:3)
  7 bats
  4 giant cockroaches
  6 goblins
  10 hobgoblins
  A quokka (D:2)
  2 giant newts (D:3)
  9 kobolds
  9 rats
68 creatures vanquished.

Notes
Turn   | Place    | Note
-------+----------+-------------------------------------------
     0 | D:1      | matakusis the Demonspawn Gladiator began the quest for the Orb.
     0 | D:1      | Reached XP level 1. HP: 16/16 MP: 1/1
   228 | D:1      | Reached skill level 3 in Dodging
   300 | D:1      | Gained mutation: You are partially covered in slimy green scales. (AC +2) [demonic ancestry]
   300 | D:1      | Reached XP level 2. HP: 22/22 MP: 2/2
   588 | D:2      | Gained mutation: You sometimes gain a little power by taking damage. [demonic ancestry]
   588 | D:2      | Reached XP level 3. HP: 18/28 MP: 3/3
   767 | D:2      | HP: 1/28 [worm (5)]
  1388 | D:2      | Gained mutation: You are mostly covered in slimy green scales. (AC +3) [demonic ancestry]
  1388 | D:2      | Reached XP level 4. HP: 24/34 MP: 4/4
  1765 | D:3      | Reached skill level 4 in Dodging
  2024 | D:3      | Reached skill level 1 in Armour
  2234 | D:3      | Reached XP level 5. HP: 33/40 MP: 5/5
  2503 | D:4      | Noticed an ogre
  2511 | D:4      | Slain by a gnoll

Vault maps used:
D:1:      mushboom_english_gardens, kennysheep_decorative_pillar
D:4:      eat_drink_and_be_merry_uskayaw, lemuel_crystal_altar, uniq_grinder,
          uniq_purgy

Skill      XL: |  1  2  3  4 |
---------------+-------------+-----
Dodging        | 3 4 |  4.3
Long Blades    | 3 |  3.2
Armour         | 1 |  1.1
Fighting       | |  2.8
Throwing       | |  1.7

Action                   |  1- 3 |  4- 6 || total
-------------------------+-------+-------++-------
Melee: Long sword        |   124 |   102 ||   226
  Use: Scroll            |       |    13 ||    13
  Eat: Chunk             |     2 |     3 ||     5
Armor: Leather armour    |    37 |    30 ||    67
Dodge: Dodged            |    69 |    72 ||   141
